← All builds
Front / Armada / Economy first / OBSERVED BUILD

Standard front

Armada Front build order · Supreme Isthmus

Standard economy-first opening with Bot Lab and Vehicle Plant up almost immediately, transitioning into the usual Blitz/Rocketeer/Pawn/Janus mix to contest middle and hold the wider gap.

#eco · 1060 distinct matches · 140 players · 75% of Armada Front games · team won 63% of 1210 · Recently observed

HOW TO PLAY IT

Key timing: Vehicle Plant by 0:47

  1. Open 3 mex then Bot Lab and Vehicle Plant almost together.
  2. Layer wind while both labs start producing.
  3. Send early units to coast first to stop leaks, not middle.
  4. Add Construction Turrets as "Blitz", "Rocketeer", "Janus" mix builds up.
  5. Transition into Advanced Metal Extractor once T2 con is out.

Phase by phase

TYPICAL OF ITS 1060 GAMES
  1. 1
  2. 2
  3. 3
PLAY THE OPENING

Follow the example game's first 6:00 step by step: what to build now, what comes next, and where it goes. At 1× it keeps pace with your own game.

  1. 1

    Up to the Bot Lab

    Economy
    • Metal Extractor2Mex
    • Wind Turbine1Wind
    Order
    1. Bot LabBot Lab after 3 mex, 1 winddone ~0:45, middle half 0:35–8:31

    Some games also: Vehicle Plant (41%)

    By 0:28 in all: 2 mex · 1 wind

    The example game in this phase · 3 steps
    1. Mex ×2
    2. Wind
    3. Vehicle PlantVehicle Plantdone 0:42 · typical 0:48
  2. 2

    Bot Lab to 5:00

    Economy
    • Metal Extractor4Mex
    • Wind Turbine3Wind
    Army
    • Sentry1 Sentry

    Some games also: rocketeer (46%) · con bot (45%) · Lazarus (44%) · tick (41%) · centurion (37%)

    By 5:00 in all: 6 mex · 7 wind

    The example game in this phase · 29 steps
    1. RoverScout ×7
    2. Construction VehicleCon vehicle
    3. Mex
    4. Construction VehicleCon vehicle
    5. Mex
    6. JanusJanus
    7. SentrySentry
    8. JanusJanus ×2
    9. Mex
    10. Construction VehicleCon vehicle
    11. Wind
    12. SentrySentry
    13. WhistlerMissile truck
    14. Mex
    15. JanusJanus
    16. Wind
    17. StoutStout
    18. Wind ×2
    19. StoutStout
    20. JanusJanus
    21. StoutStout
    22. JanusJanus
    23. BlitzBlitz
    24. SentrySentry
    25. BlitzBlitz ×2
    26. Mex
    27. BlitzBlitz
    28. SentrySentry
    29. BlitzBlitz
  3. 3

    5:00 to 10:00

    Economy
    • Metal Extractor1Mex
    • Wind Turbine14Wind
    Builders
    • Construction Turret2 Con turret
    Army
    • Sentry1 Sentry

    Some games also: energy storage (46%) · rocketeer (39%) · blitz (38%) · pawn (36%) · Lazarus (36%)

    By 10:00 in all: 7 mex · 25 wind · 1 energy storage · 3 con turret

    The example game in this phase · 67 steps
    1. SentrySentry
    2. BlitzBlitz ×6
    3. SentrySentry
    4. BlitzBlitz ×11
    5. Advanced Metal ExtractorT2 mexdone 8:20 · typical 8:53
    6. BlitzBlitz ×2
    7. Mex
    8. BlitzBlitz ×7
    9. SentrySentry
    10. BlitzBlitz
    11. SentrySentry
    12. BlitzBlitz
    13. Advanced Metal ExtractorT2 mex
    14. BlitzBlitz ×5
    15. Energy storage
    16. SentrySentry
    17. BlitzBlitz ×2
    18. SentrySentry
    19. BlitzBlitz ×2
    20. Advanced Metal ExtractorT2 mex
    21. BlitzBlitz ×9
    22. Con turret
    23. BlitzBlitz ×2
    24. Mex
    25. SentrySentry
    26. BlitzBlitz
    27. Con turret
    28. BlitzBlitz
    29. Advanced Metal ExtractorT2 mex
    30. BlitzBlitz ×3
    31. Wind
    32. BlitzBlitz
    33. Wind
    34. BlitzBlitz
    35. Wind
    36. BlitzBlitz
    37. Wind
    38. BlitzBlitz
    39. Wind
    40. Con turret
    41. BlitzBlitz
    42. Wind
    43. BlitzBlitz ×3
    44. Wind
    45. BlitzBlitz
    46. Wind
    47. BlitzBlitz
    48. Wind
    49. BlitzBlitz
    50. Wind
    51. BlitzBlitz
    52. Advanced Metal ExtractorT2 mex
    53. Wind
    54. BlitzBlitz
    55. Wind
    56. BlitzBlitz
    57. Con turret
    58. Wind ×2
    59. BlitzBlitz ×3
    60. Wind
    61. BlitzBlitz
    62. Wind
    63. BlitzBlitz
    64. Wind
    65. BlitzBlitz
    66. Wind
    67. BlitzBlitz

Counts are medians over the build's games: half of them build more, half fewer. The example game is PrepareUrAfus's (46 OS, 04/10/2026); pick another.

Team trades

IN AT LEAST 30% OF ITS GAMES

You hand over

Nothing regular.

You get

  • Tidal Generator4 Tidal from Pondfirst at 0:18 · in 68% of games
  • Advanced Construction Bot1 T2 con bot from Geo or Techfirst at 7:17 · in 67% of games

How it plays out

Typical game of this build, running totals by minute

Metal produced

010k20k30k
0:005:0010:0015:00

metal

Enemy metal destroyed

05k10k
0:005:0010:0015:00

metal

Own metal lost

05k10k
0:005:0010:0015:00

metal

1210 games.

Show as table
ByMetal produced: This buildEnemy metal destroyed: This buildOwn metal lost: This build
1:0033300
2:008492131
3:001625141105
4:002712541333
5:0038591200817
6:00506521051522
7:00631329672419
8:00763738143332
9:00908346244274
10:001069652935006
11:001262557855683
12:001484563526488
13:001744469777174
14:002017276238083
15:002273283908949
WHAT THE NUMBERS SAY

Standard Front play wins more often than suicide front and produces more metal by 15:00, reflecting its safer positioning.

  • + Metal produced reaches 22219 by 15:00, above suicide front's 19882
  • + Own losses of 8949 stay under enemy metal destroyed's near-equal 8347
  • − First unit lost by 1:44 shows exposure even from the safer side
  • − Wider gap to defend demands disciplined coast-then-mid unit movement
THE EXAMPLE YOU ARE READING

PrepareUrAfus

45.5 OS · 04/10/2026

Open source match ↗

8 received units · includes a constructor
585 metal received · 31031 energy received

Allied construction assistance is unknown. Timings are observations, not a promise of solo reproducibility.

Typical milestones

Bot Lab0:45Middle 50%: 0:35–8:31 · n=768
Vehicle Plant0:48Middle 50%: 0:39–0:58 · n=854
Advanced Metal Extractor8:53Middle 50%: 8:02–10:00 · n=970

Played most by

Hummell102games of this buildWashedGamuer95games of this buildLeohvm86games of this buildXad66games of this buildImmort42games of this build